 Dungeon Crawl Stone Soup version 0.26-a0-597-gb535b0901c (webtiles) character file.

Game seed: 5937843395199131005

39 Cokeysmoke the Sneak (level 3, -8/16 HPs)
             Began as a Spriggan Enchanter on Sept 7, 2020.
             Mangled by a worm (9 damage)
             ... on level 2 of the Dungeon.
             The game lasted 00:06:40 (2020 turns).

Cokeysmoke the Sneak (Spriggan Enchanter)           Turns: 2020, Time: 00:06:40

Health: -8/16      AC:  4    Str: 10    XL:     3   Next: 26%
Magic:  8/8        EV: 18    Int: 22    God:
Gold:   50         SH:  0    Dex: 17    Spells: 1/8 levels left

rFire    . . .     SeeInvis +   a - +1 dagger
rCold    . . .     Faith    .   (shield restricted)
rNeg     . . .     Spirit   .   l - +1 robe {MR+}
rPois    .         Reflect  .   (helmet restricted)
rElec    .         Harm     .   h - +0 cloak
rCorr    .                      (gloves unavailable)
MR       +....                  (boots unavailable)
Stlth    +++.......             (no amulet)
HPRegen  0.05/turn              i - +6 ring of strength
MPRegen  0.11/turn              j - +6 ring of intelligence

@: very quick
A: very small, unfitting armour, see invisible, speed 3
a: no special abilities


You were on level 2 of the Dungeon.
You visited 1 branch of the dungeon, and saw 2 of its levels.

You collected 50 gold pieces.

Inventory:

Hand Weapons
 a - a +1 dagger (weapon)
Armour
 h - a +0 cloak (worn)
 l - a +1 robe of magic resistance (worn)
Jewellery
 i - a +6 ring of strength (left hand)
 j - a +6 ring of intelligence (right hand)
Scrolls
 d - a scroll of magic mapping {unknown}
 f - a scroll of teleportation {unknown}
 k - a scroll of random uselessness {unknown}
Potions
 b - a potion of curing {unknown}
 c - a potion of mutation {unknown}
 e - 3 potions of degeneration {unknown}
 g - a potion of stabbing {unknown}


   Skills:
 + Level 1.6 Short Blades
 + Level 3.3 Dodging
 * Level 5.3 Stealth
 + Level 3.2 Spellcasting
 + Level 4.0 Hexes


You had one spell level left.
You knew the following spells:

 Your Spells              Type           Power        Failure   Level
a - Corona                Hex            ###....      2%          1
b - Confusing Touch       Hex            ###.....     7%          3
c - Tukima's Dance        Hex            ###.....     7%          3

Your spell library contained the following spells:

 Spells                   Type           Power        Failure   Level
 Beastly Appendage        Tmut           #.....       12%         1
 Ensorcelled Hibernation  Hex/Ice        ##....       9%          2
 Dazzling Flash           Conj/Hex       ##....       16%         3
 Wereblood                Tmut           #.......     19%         2
 Spider Form              Tmut/Pois      #.........   36%         3
 Ice Form                 Ice/Tmut       #.......     77%         4
 Blade Hands              Tmut           #.........   98%         5


Dungeon Overview and Level Annotations

Branches:
Dungeon (2/15)

Altars:


Innate Abilities, Weirdness & Mutations

You are very small and have problems with some larger weapons.
You are too small for most types of armour.
You have supernaturally acute eyesight. (SInv)
You cover ground extremely quickly.


Message History

You hit the worm but do no damage.
The worm is lightly wounded.
The worm completely misses you.
You hit the worm.
The worm is moderately wounded.
The worm misses you.
You hit the worm.
The worm is heavily wounded.
You hit the worm.
The worm is severely wounded.
The worm bites you!
Ouch! That really hurt!
* * * LOW HITPOINT WARNING * * *
You hit the worm.
The worm is severely wounded.
You hit the worm.
The worm is severely wounded.
The worm stops glowing.
The worm bites you!
Ouch! That really hurt!
You die...

## #.# #.#############
. ##?.....>.<...#
...#.....###...#.#####
.......<.......#......
##w@.###...#.....#
.#.............##.#
...(......)......##.#
#.#.#......†......##.#
# #................#
..............##..# #
#..>?#..#(....###..#.#
.............#.###..#.#
##....#..........#...#.


You could see a worm.

Vanquished Creatures
  An adder (D:2)
  2 leopard geckos (D:1)
  2 bats (D:1)
  A giant cockroach (D:1)
  4 goblins
  3 hobgoblins
  3 jackals (D:1)
  3 frilled lizards
  4 kobolds (D:1)
  5 rats
28 creatures vanquished.

Notes
Turn   | Place    | Note
-------+----------+-------------------------------------------
     0 | D:1      | Cokeysmoke the Spriggan Enchanter began the quest for the
                  | Orb.
     0 | D:1      | Reached XP level 1. HP: 9/9 MP: 5/5
   277 | D:1      | Reached XP level 2. HP: 13/13 MP: 6/6
  1517 | D:1      | Reached skill level 5 in Stealth
  1837 | D:2      | Reached XP level 3. HP: 15/16 MP: 5/8
  1880 | D:2      | Learned a level 3 spell: Confusing Touch
  1884 | D:2      | Learned a level 3 spell: Tukima's Dance
  2020 | D:2      | Mangled by a worm

Illustrated notes

Levels and vault maps discovered:
D:1:      minmay_arrival_nine_rooms, layout_basic, minivault_25, st_stairs_1
D:2:      layout_loops_ring

Skill      XL: |  1  2  3 |
---------------+----------+-----
Stealth        | 5 |  5.3
Spellcasting   | 3 |  3.2
Hexes          | 4 |  4.0
Short Blades   | |  1.6
Dodging        | |  3.3

Action                   || total
-------------------------++-------
Melee: Dagger            ||   114
 Cast: Corona            ||    21
 Stab: Sleeping          ||     7
       Distracted        ||     1
Armor: Robe              ||     6
Dodge: Dodged            ||    78

Table legend: (Time is in decaauts)
 A = Elapsed time spent in this place.
 B = Non-inter-level travel time spent in this place.
 C = Inter-level travel time spent in this place.
 D = Time resting spent in this place.
 E = Time spent auto-exploring this place.
 F = Levels seen in this place.
 G = Mean time per level.
                   A        B        C        D        E       F      G
               +--------+--------+--------+--------+--------+-----+--------+
         Total |   1711 |   1695 |     16 |   1009 |    409 |   2 |  855.5 |
       Dungeon |   1711 |   1695 |     16 |   1009 |    409 |   2 |  855.5 |
               +--------+--------+--------+--------+--------+-----+--------+

Top non-repeatable levels by time:
     D:1: 1498 daAuts
     D:2: 213 daAuts
